 Dungeon Crawl Stone Soup version 0.20-a0-1122-gb7cbeb9 (webtiles) character file.

27140 Sergey the Impaler (level 13, -11/90 HPs)
             Began as a Merfolk Skald on May 10, 2017.
             Was the Champion of Okawaru.
             Shot with an arrow by a centaur warrior (21 damage)
             ... on level 14 of the Dungeon.
             The game lasted 02:11:19 (16309 turns).

Sergey the Impaler (Merfolk Skald)                 Turns: 16309, Time: 02:11:20

Health: -11/90     AC:  7    Str: 18    XL:     13   Next: 30%
Magic:  25/28      EV: 19    Int: 17    God:    Okawaru [******]
Gold:   933        SH:  0    Dex: 17    Spells: 18/34 levels left

rFire    + + .     SeeInvis .   w - +9 halberd of the Ring {chaos, rC+ MR++}
rCold    + + +     Gourm    .   (shield currently unavailable)
rNeg     . . .     Faith    .   p - +0 troll leather armour {Purgy}
rPois    .         Spirit   .   (no helmet)
rElec    .         Reflect  .   V - +0 cloak
rCorr    .         Harm     .   n - +0 pair of gloves
MR       +....                  J - +0 pair of boots
Stlth    +.........             (no amulet)
Regen    0.7/turn               L - ring of protection from cold
MPRegen  0.3/turn               z - ring "Odghuriadgh" {rF+ MR- Str+4 Int+3 Dex+3}

@: very slightly contaminated
A: change form in water, swift swim, stealthy swim, cold resistance 1, fire
resistance 1, sturdy frame 1
a: Heroism, Finesse, Renounce Religion


You were on level 14 of the Dungeon.
You worshipped Okawaru.
Okawaru was exalted by your worship.
You were not hungry.

You visited 2 branches of the dungeon, and saw 15 of its levels.
You also visited: Sewer.

You collected 933 gold pieces.

Inventory:

Hand Weapons
 w - the +9 halberd of the Ring (weapon) {chaos, rC+ MR++}
   (Okawaru gifted it to you on level 12 of the Dungeon)

   Each time it hits an enemy it has a different, random effect.
   It protects you from cold.
   It affects your resistance to hostile enchantments.
 T - the +6 spear of Dominance {pain, Int+3}
   (Okawaru gifted it to you on level 11 of the Dungeon)

   In the hands of one skilled in necromantic magic, it inflicts extra damage on
   living creatures.
   It affects your intelligence (+3).
 X - a +2 trident of freezing
Missiles
 y - 30 tomahawks
 R - 9 javelins (quivered)
Armour
 a - a +0 buckler
 n - a +0 pair of gloves (worn)
 p - a +0 troll leather armour (worn) {Purgy}
 I - a +3 plate armour
 J - a +0 pair of boots (worn)
 V - a +0 cloak (worn)
Jewellery
 z - the ring "Odghuriadgh" (right hand) {rF+ MR- Str+4 Int+3 Dex+3}
   (You took it off an orc wizard on level 5 of the Dungeon)

   [ring of protection from fire]

   It affects your strength (+4).
   It affects your intelligence (+3).
   It affects your dexterity (+3).
   It protects you from fire.
   It affects your resistance to hostile enchantments.
 A - an uncursed ring of positive energy
 L - a ring of protection from cold (left hand)
Wands
 e - a wand of flame (36/48)
 r - a wand of scattershot (5/9)
 Y - a wand of iceblast (5/15)
Scrolls
 j - 4 scrolls of magic mapping
 k - 3 scrolls of noise
 m - 2 scrolls of blinking
 q - a scroll of summoning {unknown}
 s - a scroll of silence
 t - a scroll of amnesia
 v - 7 scrolls of remove curse
 x - a scroll of vulnerability
 B - a scroll of random uselessness {unknown}
 D - a scroll of teleportation
 F - a scroll of identify
 K - 3 scrolls of recharging
 M - a scroll of brand weapon {unknown}
 P - 2 scrolls of fog
 Q - 3 scrolls of enchant armour
 W - a scroll of holy word {unknown}
 Z - a scroll of immolation {unknown}
Potions
 b - a potion of lignification
 c - a potion of curing
 g - 3 potions of flight
 h - a potion of magic
 i - 2 potions of mutation
 E - 2 potions of berserk rage {unknown}
Books
 u - a book of Changes

   Spells                             Type                      Level
   a - Beastly Appendage              Transmutation                1
   b - Sticks to Snakes               Transmutation                2
   c - Spider Form                    Transmutation/Poison         3
   d - Ice Form                       Ice/Transmutation            4
   e - Blade Hands                    Transmutation                5
 G - a book of Frost

   Spells                             Type                      Level
   a - Freeze                         Ice                          1
   b - Throw Frost                    Conjuration/Ice              2
   c - Ozocubu's Armour               Charms/Ice                   3
   d - Throw Icicle                   Conjuration/Ice              4
   e - Summon Ice Beast               Ice/Summoning                4
 O - a book of Burglary

   Spells                             Type                      Level
   a - Swiftness                      Charms/Air                   2
   b - Passwall                       Transmutation/Earth          2
   c - Passage of Golubria            Translocation                4
   d - Lee's Rapid Deconstruction     Earth                        5
   e - Darkness                       Hexes                        6
   f - Invisibility                   Hexes                        6
Comestibles
 d - 9 bread rations
 f - 5 meat rations
 l - 43 fruits
 o - 5 chunks of flesh
 C - a royal jelly


   Skills:
 + Level 4.6 Fighting
 * Level 15.5 Polearms
 - Level 0.6 Armour
 - Level 10.4 Dodging
 - Level 2.8 Shields
 * Level 11.4 Spellcasting
 - Level 9.1 Charms
 - Level 2.8 Ice Magic
 + Level 9.1 Invocations


You had 18 spell levels left.
You knew the following spells:

 Your Spells              Type           Power        Failure   Level  Hunger
a - Infusion              Chrm           ####         1%          1    None
b - Song of Slaying       Chrm           #####...     1%          2    None
c - Shroud of Golubria    Chrm/Tloc      ####......   1%          2    None
d - Ozocubu's Armour      Chrm/Ice       ####....     1%          3    None
e - Swiftness             Chrm/Air       ####....     1%          2    None
f - Spectral Weapon       Hex/Chrm       ####....     3%          3    None
g - Regeneration          Chrm/Necr      ####......   3%          3    None


Dungeon Overview and Level Annotations

Branches:
Dungeon (14/15)            Temple (1/1) D:7            Lair (0/6) D:10
    Orc (0/2) D:11         Vaults (0/5) D:13

Altars:
Ashenzari
Cheibriados
Dithmenos
Elyvilon
Fedhas
Gozag
Hepliaklqana
Kikubaaqudgha
Makhleb
Nemelex Xobeh
Okawaru
Qazlal
Ru
Sif Muna
Trog
Uskayaw
Vehumet
Wu Jian
Xom
Yredelemnul
Zin
The Shining One

Shops:
D:5 [   D:7 }   D:12 *   D:14 *

Annotations:
D:9 Gastronok


Innate Abilities, Weirdness & Mutations

You revert to your normal form in water.
You are very nimble and swift while swimming.
You are very stealthy in the water. (Stealth+)
Your flesh is cold resistant. (rC+)
Your flesh is heat resistant. (rF+)
Your movements are slightly less encumbered by armour. (ER -2)


Message History

A centaur warrior comes into view.
The centaur warrior shouts!
The centaur warrior wields a longbow.
The centaur warrior shoots an arrow.
The arrow hits you!
You see here an arrow.
The centaur warrior shoots an arrow.
The arrow hits you!!
* * * LOW HITPOINT WARNING * * *
Found a stone staircase leading up.
You see here an arrow.
You feel yourself slow down.
As you read the scroll of fog, it crumbles to dust.
The scroll dissolves into smoke.
There is a stone staircase leading up here.
Casting: Regeneration
Confirm with . or Enter, or press ? or * to list all spells.
You miscast Regeneration.
Strange energies run through your body.
The centaur warrior shoots an arrow.
The arrow hits you!
* * * LOW HITPOINT WARNING * * *
The centaur warrior shoots an arrow.
The arrow hits you!!
You die...

.# #+## #.
#.##.# .#
#.##.##.#
###..c(...#
..>..##.####
..c...#.# #
#..#.# #.
#§§#.#
.##..#####§§#(#
.......@§§§§..#
###.....§c§§###
#.......§.#
###########


You could see a centaur warrior.

Vanquished Creatures
  The ghost of pichaelthompson the Slinger, a journeyman DsGl of Qazlal (D:11)
  2 hydras
  A centaur warrior (D:13)
  A two-headed ogre (D:13)
  A tengu warrior (D:13)
  2 unseen horrors (D:13)
  A flayed ghost (D:8)
  Pikel (D:8)
  3 ugly things
  Joseph (D:9)
  A gargoyle (D:13)
  A kobold demonologist (D:11)
  2 komodo dragons
  3 trolls
  2 hornets
  3 hippogriffs
  2 shadows
  6 wraiths
  23 yaks
  15 fire bats (D:8)
  Menkaure (D:6)
  A soldier ant (D:11)
  A water moccasin (D:7)
  2 ice beasts
  Purgy (Sewer)
  10 orc warriors
  4 slaves (D:6)
  7 phantoms
  2 eyes of draining
  4 sky beasts
  2 black bears
  A necrophage (D:6)
  15 ogres
  8 centaurs
  6 big kobolds
  2 bullfrogs
  A water moccasin zombie (D:6)
  3 gnoll sergeants (D:11)
  2 wyvern skeletons
  2 scorpions
  18 killer bees
  9 wights
  6 howler monkeys
  8 crimson imps
  2 centaur zombies
  5 bullfrog zombies
  A quasit (D:9)
  A bullfrog skeleton (D:10)
  7 hounds
  3 jellies
  6 orc priests
  18 orc wizards
  4 centaur skeletons
  7 iguanas
  15 worker ants
  A killer bee zombie (D:9)
  A hound zombie (D:8)
  2 worker ant zombies
  7 gnolls
  14 adders
  An ooze (D:1)
  An adder zombie (D:9)
  An adder skeleton (D:8)
  3 worms
  2 dart slugs
  2 leopard geckos
  69 orcs
  3 giant cockroaches
  12 hobgoblins
  6 jackals
  14 kobolds
  2 ball pythons (Sewer)
  84 bats
  5 frilled lizards
  8 goblins
  A leopard gecko skeleton (D:9)
  A leopard gecko zombie (D:8)
  A quokka skeleton (D:6)
  A quokka zombie (D:5)
  5 rats
504 creatures vanquished.

Vanquished Creatures (others)
  A yak (D:13)
  A spectral weapon (D:13)
2 creatures vanquished.

Grand Total: 506 creatures vanquished

Notes
Turn   | Place    | Note
-------+----------+-------------------------------------------
     0 | D:1      | Sergey the Merfolk Skald began the quest for the Orb.
     0 | D:1      | Reached XP level 1. HP: 16/16 MP: 3/3
   153 | D:1      | Reached XP level 2. HP: 11/22 MP: 5/5
   159 | D:1      | Learned a level 2 spell: Song of Slaying
   162 | D:1      | Learned a level 2 spell: Shroud of Golubria
   182 | D:1      | Reached skill level 4 in Polearms
   627 | D:1      | Reached XP level 3. HP: 27/27 MP: 6/6
   923 | D:2      | Found an iron altar of Okawaru.
  1071 | D:2      | Reached skill level 5 in Polearms
  1071 | D:2      | Reached XP level 4. HP: 23/33 MP: 2/7
  1072 | D:2      | You fall through a shaft for 2 floors!
  1175 | D:4      | Reached skill level 6 in Polearms
  1175 | D:4      | Reached XP level 5. HP: 26/38 MP: 3/8
  1200 | D:4      | Noticed an ogre
  1236 | D:4      | Killed an ogre
  1236 | D:4      | Reached skill level 7 in Polearms
  1370 | D:4      | Found a glowing drain.
  1378 | Sewer    | Entered a sewer
  1441 | Sewer    | Reached XP level 6. HP: 36/44 MP: 4/9
  1570 | Sewer    | Noticed Purgy
  1751 | Sewer    | Killed Purgy
  1751 | Sewer    | Reached skill level 8 in Polearms
  1751 | Sewer    | Reached skill level 5 in Charms
  2060 | D:4      | Reached XP level 7. HP: 50/50 MP: 7/10
  2242 | D:4      | Reached skill level 9 in Polearms
  2273 | D:3      | Found a blossoming altar of Fedhas.
  2999 | D:3      | Found a shimmering altar of Xom.
  2999 | D:3      | Found a hide-covered altar of Uskayaw.
  3150 | D:3      | Found a shadowy altar of Dithmenos.
  3211 | D:3      | Reached skill level 10 in Polearms
  3727 | D:4      | You fall through a shaft!
  3727 | D:5      | Entered Level 5 of the Dungeon
  4476 | D:5      | Reached XP level 8. HP: 40/56 MP: 3/11
  4628 | D:5      | Found Suibrid's Armour Emporium.
  4684 | D:5      | Got a wavering amber ring
  4912 | D:6      | Reached skill level 11 in Polearms
  5321 | D:6      | Reached skill level 12 in Polearms
  5669 | D:6      | Reached XP level 9. HP: 35/61 MP: 5/12
  6064 | D:6      | Noticed Menkaure
  6068 | D:6      | Killed Menkaure
  6068 | D:6      | Reached skill level 13 in Polearms
  6382 | D:7      | Learned a level 3 spell: Ozocubu's Armour
  6422 | D:6      | Reached skill level 1 in Ice Magic
  6475 | D:7      | Found a radiant altar of Vehumet.
  6476 | D:7      | Found a burning altar of Makhleb.
  6596 | D:7      | Found a staircase to the Ecumenical Temple.
  6602 | Temple   | Entered the Ecumenical Temple
  6945 | D:2      | Became a worshipper of Warmaster Okawaru
  7039 | D:7      | Found Rucoch's Gadget Shop.
  7283 | D:8      | Noticed a two-headed ogre
  7420 | D:8      | Noticed a hornet
  7579 | D:8      | Identified the ring "Odghuriadgh" {rF+ MR- Str+4 Int+3 Dex+3} (You took it off an orc wizard on level 5 of the Dungeon)
  7912 | D:7      | Reached skill level 1 in Invocations
  7996 | D:8      | Noticed Pikel
  8017 | D:8      | Killed Pikel
  8017 | D:8      | Reached skill level 5 in Dodging
  8229 | D:8      | Found an ancient bone altar of Kikubaaqudgha.
  8240 | D:8      | Reached XP level 10. HP: 67/67 MP: 5/17
  8272 | D:8      | Found a runed door.
  8302 | D:8      | Reached * piety under Okawaru
  8302 | D:8      | Reached skill level 5 in Spellcasting
  8477 | D:8      | Found a sparkling altar of Nemelex Xobeh.
  8564 | D:8      | Gained mutation: You are weak. (Str -2) [potion of mutation]
  8564 | D:8      | Gained mutation: Your flesh is cold resistant. (rC+) [potion of mutation]
  8564 | D:8      | Gained mutation: Your flesh is heat resistant. (rF+) [potion of mutation]
  8587 | D:8      | Found a basalt altar of Yredelemnul.
  9202 | D:8      | Reached ** piety under Okawaru
  9225 | D:8      | Found a blossoming altar of Fedhas.
  9385 | D:8      | Found a glowing silver altar of Zin.
  9432 | D:8      | Found a shimmering altar of Xom.
  9494 | D:8      | Found a white marble altar of Elyvilon.
  9503 | D:8      | Reached *** piety under Okawaru
  9515 | D:8      | Reached XP level 11. HP: 54/72 MP: 16/21
  9573 | D:8      | Noticed a flayed ghost
  9585 | D:8      | Killed a flayed ghost
  9585 | D:8      | Reached skill level 5 in Invocations
  9599 | D:8      | Learned a level 2 spell: Swiftness
  9818 | D:9      | Noticed Gastronok
 10156 | D:9      | Noticed Joseph
 10432 | D:9      | Killed Joseph
 10621 | D:9      | Reached **** piety under Okawaru
 11049 | D:9      | Found a bloodstained altar of Trog.
 11185 | D:10     | Entered Level 10 of the Dungeon
 11412 | D:10     | Gained mutation: You are very weak. (Str -4) [mutagenic meat]
 11413 | D:10     | Gained mutation: Your movements are slightly less encumbered by armour. (ER -2) [mutagenic meat]
 11414 | D:10     | Lost mutation: You are very weak. (Str -4) [mutagenic meat]
 11416 | D:10     | Lost mutation: You are weak. (Str -2) [mutagenic meat]
 11568 | D:10     | Reached skill level 14 in Polearms
 11825 | D:10     | Received a gift from Okawaru
 11839 | D:10     | Found a staircase to the Lair.
 12943 | D:11     | Found a staircase to the Orcish Mines.
 13135 | D:11     | Reached ***** piety under Okawaru
 13174 | D:11     | Noticed pichaelthompson's ghost (journeyman DsGl)
 13353 | D:11     | Learned a level 3 spell: Spectral Weapon
 13357 | D:11     | Learned a level 3 spell: Regeneration
 13545 | D:11     | Noticed a purple ugly thing
 13557 | D:11     | Killed a purple ugly thing
 13557 | D:11     | Received a gift from Okawaru
 13557 | D:11     | Reached XP level 12. HP: 70/78 MP: 17/25
 13560 | D:11     | Got a bloodstained spear {god gift}
 13561 | D:11     | Identified the +6 spear of Dominance {pain, Int+3} (Okawaru gifted it to you on level 11 of the Dungeon)
 13783 | D:11     | Reached skill level 1 in Shields
 14059 | D:11     | Killed pichaelthompson's ghost
 14059 | D:11     | Reached skill level 10 in Dodging
 14313 | D:12     | Reached skill level 10 in Spellcasting
 14564 | D:12     | Noticed a seven-headed hydra
 14572 | D:12     | Killed a seven-headed hydra
 14572 | D:12     | Received a gift from Okawaru
 14573 | D:12     | Got a translucent halberd {god gift}
 14579 | D:12     | Identified the +9 halberd of the Ring {chaos, rC+ MR++} (Okawaru gifted it to you on level 12 of the Dungeon)
 14777 | D:12     | Found Cylar's General Store.
 15419 | D:13     | Noticed a two-headed ogre
 15430 | D:13     | Killed a two-headed ogre
 15446 | D:13     | Noticed a tengu warrior
 15462 | D:13     | Noticed a centaur warrior
 15472 | D:13     | Killed a tengu warrior
 15482 | D:13     | Found a gate to the Vaults.
 15621 | D:13     | Killed a centaur warrior
 15710 | D:13     | Noticed a five-headed hydra
 15714 | D:13     | Killed a seven-headed hydra
 15798 | D:13     | Reached XP level 13. HP: 58/88 MP: 26/28
 15848 | D:13     | Reached skill level 15 in Polearms
 16046 | D:14     | Reached ****** piety under Okawaru
 16054 | D:14     | Found Enukhlau's Assorted Antiques.
 16159 | D:14     | Received a gift from Okawaru
 16160 | D:14     | Got an ichor-stained rapier {god gift}
 16161 | D:14     | Identified the +10 rapier "Onipo" {flame, rC+ rN+ MR- Str+8} (Okawaru gifted it to you on level 14 of the Dungeon)
 16309 | D:14     | Shot with an arrow by a centaur warrior

Vault maps used:
D:1:      dpeg_arrival_snail
D:2:      okawaru_gym_becter
D:3:      gammafunk_temple_overflow_elements, fedhas_altar_3,
          nicolae_dithmenos_shadow_blocks
D:4:      lightli_sewer_entry_pipes, guppyfry_early_lair_pool
D:5:      first_bread, serial_shops, shop
D:6:      uniq_menkaure, uniq_pikel
D:7:      grunt_temple_overflow_lords_of_destruction,
          minmay_temple_entry_metal_lava, serial_shops, shop, hex_intersection
D:8:      due_megacathedral, nicolae_overflow_hidden_temple
D:9:      kennysheep_mini_moat, uniq_joseph, uniq_erolcha, uniq_gastronok
D:10:     lair_entry_dummy
D:11:     kennysheep_orc_monster_closet_entryway
D:12:     serial_shops, shop
D:13:     gargoyle_guard, erik_vaults_1, blue_anna_alchemist
D:14:     minmay_misc_feat_columns, serial_shops, shop
Temple:   oiseaux_autumnal_temple
Sewer:    sewer_co_purgy_island

Skill      XL: |  1  2  3  4  5  6  7  8  9 10 11 12 13 |
---------------+----------------------------------------+-----
Polearms       | 4 5 6 7 8 10 12 13 14 15 | 15.5
Charms         | 4 5 6 7 8 9 |  9.1
Dodging        | 5 7 9 10 | 10.4
Spellcasting   | 4 7 9 11 | 11.4
Ice Magic      | 2 |  2.8
Invocations    | 2 4 6 8 9 |  9.1
Shields        | 2 |  2.8
Fighting       | 3 4 |  4.6
Armour         | |  0.6

Action                   |  1- 3 |  4- 6 |  7- 9 | 10-12 | 13-15 || total
-------------------------+-------+-------+-------+-------+-------++-------
Melee: Spear             |    95 |   159 |   853 |   463 |       ||  1570
       Tailslap          |       |     3 |       |       |       ||     3
       Trident           |       |       |       |   983 |       ||   983
       Punch             |       |       |       |     4 |       ||     4
       Halberd           |       |       |       |    99 |    77 ||   176
Throw: Javelin           |       |       |    21 |    20 |     1 ||    42
       Tomahawk          |       |       |     8 |    24 |       ||    32
 Cast: Infusion          |     6 |     8 |    31 |    24 |       ||    69
       Shroud of Golubri |       |     3 |    16 |    58 |     7 ||    84
       Song of Slaying   |       |       |     6 |    11 |       ||    17
       Ozocubu's Armour  |       |       |     5 |    60 |     5 ||    70
       Swiftness         |       |       |       |     6 |     2 ||     8
       Spectral Weapon   |       |       |       |    23 |     3 ||    26
       Regeneration      |       |       |       |     4 |     4 ||     8
Invok: Heroism           |       |       |       |     6 |       ||     6
       Finesse           |       |       |       |     2 |     1 ||     3
Evoke: Wand              |       |       |     3 |     1 |     1 ||     5
  Use: Scroll            |       |     2 |     1 |    21 |     4 ||    28
       Potion            |       |       |     4 |    15 |     2 ||    21
 Stab: Sleeping          |     1 |     4 |     2 |     1 |       ||     8
       Distracted        |       |       |       |     6 |     1 ||     7
       Petrifying        |       |       |       |     2 |       ||     2
       Paralysed         |       |       |       |       |     2 ||     2
  Eat: Chunk             |     1 |     3 |    15 |    27 |     2 ||    48
       Meat ration       |       |       |     1 |       |       ||     1
       Royal jelly       |       |       |     1 |       |       ||     1
       Fruit             |       |       |     1 |       |       ||     1
       Bread ration      |       |       |       |     1 |       ||     1
Armor: Leather armour    |    15 |    12 |       |       |       ||    27
       Troll leather arm |       |     1 |    89 |   289 |    19 ||   398
       Skin              |       |       |       |    37 |       ||    37
       Chain mail        |       |       |       |     1 |       ||     1
Dodge: Dodged            |    35 |    32 |   274 |  1072 |    37 ||  1450
Block: Buckler           |       |       |       |    19 |       ||    19
